 Dungeon Crawl Stone Soup version 0.28-a0-461-g2dc4ca5097 (webtiles) character file.

Game seed: 15163376549651145197

1904 dolemite99 the Basher (level 8, -2/59 HPs)
             Began as a Minotaur Fighter on Sept 14, 2021.
             Was a Priest of Hepliaklqana.
             Slain by a killer bee zombie (3 damage)
             ... on level 6 of the Dungeon.
             The game lasted 00:10:03 (7236 turns).

dolemite99 the Basher (Minotaur Fighter)            Turns: 7236, Time: 00:10:03

Health: -2/59      AC: 10    Str: 23    XL:     8   Next: 94%
Magic:  7/7        EV:  8    Int:  5    God:    Hepliaklqana [***...]
Gold:   357        SH:  0    Dex: 10    Spells: 7/7 levels left

rFire   . . .      SeeInvis .   b - +0 shortbow (flame)
rCold   . . .      Faith    .   (shield currently unavailable)
rNeg    . . .      Spirit   .   p - +1 chain mail
rPois   .          Reflect  .   (helmet restricted)
rElec   .          Harm     .   (no cloak)
rCorr   .          Rampage  .   (no gloves)
Will    +....                   (no boots)
Stlth   ..........              (no amulet)
HPRegen 0.19/turn               q - ring of willpower
MPRegen 0.10/turn               (no ring)

@: no status effects
A: reduced essence, horns 2, retaliatory headbutt
a: Renounce Religion, Recall Ancestor, Ancestor Identity, Transference


You were on level 6 of the Dungeon.
You worshipped Hepliaklqana.
Hepliaklqana was most pleased with you.
You visited 1 branch of the dungeon, and saw 7 of its levels.

You collected 357 gold pieces.

Inventory:

Hand Weapons
 a - a +0 flail
 b - a +0 shortbow of flaming (weapon)
 w - a +0 hunting sling
 y - a +0 hand axe of freezing
 D - a +1 whip of venom
 G - a +0 vorpal flail
Missiles
 g - 192 stones
 k - 49 sling bullets
 l - 100 arrows (quivered ammo)
 s - 2 javelins
 x - 20 bolts
 A - 4 curare-tipped darts
Armour
 c - a +0 buckler
 p - a +1 chain mail (worn)
 B - a +0 scale mail
Jewellery
 f - an amulet of magic regeneration
 o - a ring of see invisible
 q - a ring of willpower (left hand)
 r - a ring of magical power
Wands
 i - a wand of iceblast (5)
 t - a wand of paralysis (3)
 v - a wand of digging (6)
 F - a wand of acid (5)
 H - a wand of polymorph (12)
Scrolls
 n - 2 scrolls of vulnerability
 C - a scroll of fog
 E - a scroll of teleportation
 I - a scroll of acquirement {unknown}
Potions
 d - a potion of magic {unknown}
 e - a potion of heal wounds {unknown}
 h - 3 potions of brilliance
 j - 2 potions of flight {unknown}
 m - 2 potions of curing
 u - a potion of mutation {unknown}
 z - a potion of lignification {unknown}


   Skills:
 + Level 4.1 Fighting
 - Level 12.6 Maces & Flails
 - Level 4.0 Bows
 + Level 4.1 Armour
 - Level 3.6 Shields


You had 7 spell levels left.
You didn't know any spells.
Your spell library contained the following spells:

 Spells                   Type           Power      Damage    Failure   Level
 Sandblast                Erth           0%         2d4       99%         1
 Sting                    Tmut/Pois      0%         1d3       99%         1
 Passwall                 Tmut/Erth      0%         N/A       99%         2
 Poisonous Vapours        Pois/Air       0%         N/A       99%         2
 Stone Arrow              Conj/Erth      0%         3d7       100%        3
 Swiftness                Air            0%         N/A       100%        3
 Olgreb's Toxic Radiance  Pois           0%         N/A       100%        4
 Invisibility             Hex            0%         N/A       100%        6


Dungeon Overview and Level Annotations

Branches:
Dungeon (7/15)             Temple (0/1) D:5

Altars:
Dithmenos
Gozag
Hepliaklqana
Okawaru

Shops:
D:1 (

Annotations:
D:4 2 transporters
D:5 3 runed translucent doors, CraigForest's ghost, amateur HOFi
D:6 Blork the orc, Sigmund
D:7 exclusion: door


Innate Abilities, Weirdness & Mutations

Your life essence is reduced to manifest your ancestor. (-10% HP)
You have a pair of horns on your head.
You reflexively headbutt those who attack you in melee.


Message History

The gnoll barely misses Xiloxoch.
Xiloxoch hits the gnoll sergeant but does no damage.
The gnoll hits you but does no damage.
You shoot an arrow. The arrow hits the gnoll.
The arrow burns the gnoll.
You kill the gnoll!
The gnoll hits you but does no damage.
The gnoll sergeant hits Xiloxoch but does no damage.
The gnoll hits Xiloxoch with a +0 whip.
Xiloxoch hits the gnoll sergeant with a +0 flail.
The gnoll barely misses you.
As you read the scroll of teleportation, it crumbles to dust.
You feel strangely unstable.
Xiloxoch blocks the gnoll sergeant's attack.
The gnoll hits Xiloxoch but does no damage.
Xiloxoch hits the gnoll with a +0 flail!
The gnoll hits you from afar with a +0 halberd!
The gnoll sergeant hits Xiloxoch but does no damage.
Xiloxoch blocks the gnoll's attack.
Xiloxoch hits the gnoll with a +0 flail!
The gnoll dies!
The gnoll hits you from afar with a +0 halberd!
Xiloxoch blocks the gnoll sergeant's attack.
Xiloxoch completely misses the gnoll.
The gnoll hits you from afar with a +0 halberd.
Xiloxoch blocks the gnoll sergeant's attack.
The gnoll closely misses you. You furiously retaliate!
You headbutt the gnoll.
Xiloxoch hits the gnoll with a +0 flail!
The gnoll hits you from afar with a +0 halberd!
* * * LOW HITPOINT WARNING * * *
Your surroundings suddenly seem different.
A killer bee zombie comes into view.
The orc priest shouts!
You hear a shout!
An orc comes into view. It is wielding a +0 mace.
The orc shouts!
The orc priest miscasts a cantrip.
The orc priest invokes the aid of Beogh against you.
Pain shoots through your body!
* * * LOW HITPOINT WARNING * * *
The killer bee zombie hits you.
You die...

##############
...#...#.....#
..............#
............Z@.#
###.......o.......#
.... ..$...o......#
...#...........####
...#....#....###
..... ##....### .
...# #..#.!.# ##..
...# ###.####.#
..... ...#
#...####.##....(


You could see an orc priest, an orc and a killer bee zombie.

Vanquished Creatures
  A steam dragon (D:7)
  A water moccasin (D:5)
  2 centaurs
  A phantom (D:5)
  2 bullfrogs
  A scorpion (D:6)
  A water moccasin skeleton (D:4)
  A howler monkey (D:5)
  A jelly (D:7)
  2 orc wizards
  4 iguanas
  Ijyb (D:3)
  4 gnolls
  2 river rats (D:3)
  An adder (D:2)
  2 white imps
  An ufetubus (D:4)
  5 worms
  4 dart slugs
  14 orcs
  4 ball pythons
  3 bats
  8 endoplasms
  2 giant cockroaches (D:3)
  8 goblins
  10 hobgoblins
  4 quokkas
  10 kobolds
  4 rats
104 creatures vanquished.

Vanquished Creatures (collateral kills)
  2 water moccasins
  Edmund (D:5)
  A necrophage (D:7)
  An ogre (D:7)
  A wyvern skeleton (D:7)
  A jelly (D:7)
  A howler monkey (D:7)
  A centaur zombie (D:7)
  A bullfrog skeleton (D:6)
  An orc wizard (D:6)
  A howler monkey zombie (D:6)
  3 gnolls
  An adder (D:3)
  A shadow imp (D:7)
  2 orcs
  2 ball pythons
  2 goblins (D:3)
  3 rats (D:3)
26 creatures vanquished.

Vanquished Creatures (others)
  A knight (D:7)
  2 ancestors (D:3)
  5 plants (D:2)
8 creatures vanquished.

Grand Total: 138 creatures vanquished

Notes
Turn   | Place    | Note
-------+----------+-------------------------------------------
     0 | D:1      | dolemite99 the Minotaur Fighter began the quest for the
                  | Orb.
     0 | D:1      | Reached XP level 1. HP: 19/19 MP: 0/0
   173 | D:1      | Reached skill level 3 in Maces & Flails
   202 | D:1      | Found Wuqut's Antique Weapon Emporium.
   305 | D:1      | Reached XP level 2. HP: 26/26 MP: 1/1
   678 | D:1      | You fall into a shaft and drop 1 floor!
   694 | D:2      | Reached skill level 4 in Maces & Flails
   750 | D:2      | Reached XP level 3. HP: 24/31 MP: 2/2
  1307 | D:2      | Found a hazy altar of Hepliaklqana.
  1312 | D:2      | Became a worshipper of Hepliaklqana the Forgotten
  1574 | D:2      | Found a faded altar of an unknown god.
  1697 | D:2      | Reached skill level 5 in Maces & Flails
  2137 | D:3      | Reached * piety under Hepliaklqana
  2189 | D:3      | Reached XP level 4. HP: 13/35 MP: 3/3
  2404 | D:3      | Noticed Ijyb
  2435 | D:3      | Killed Ijyb
  2683 | D:3      | Reached skill level 6 in Maces & Flails
  3175 | D:3      | Reached XP level 5. HP: 38/40 MP: 4/4
  3984 | D:4      | Found an opulent altar of Gozag.
  4050 | D:4      | Reached skill level 7 in Maces & Flails
  4093 | D:4      | Found an iron altar of Okawaru.
  4160 | D:4      | Reached XP level 6. HP: 39/45 MP: 5/5
  4200 | D:4      | Reached ** piety under Hepliaklqana
  4204 | D:4      | Remembered your ancestor Xiloxoch as a knight
  4220 | D:4      | Found a transporter.
  4315 | D:4      | You fall into a shaft and drop 3 floors!
  4329 | D:7      | Reached skill level 8 in Maces & Flails
  4382 | D:7      | Noticed a water moccasin
  4391 | D:7      | Killed a water moccasin
  4392 | D:7      | Reached skill level 9 in Maces & Flails
  4392 | D:7      | Reached XP level 7. HP: 21/51 MP: 6/6
  4707 | D:7      | Reached skill level 10 in Maces & Flails
  4755 | D:7      | Noticed a steam dragon
  4770 | D:7      | Killed a steam dragon
  4771 | D:7      | Reached skill level 11 in Maces & Flails
  4988 | D:7      | Reached XP level 8. HP: 46/57 MP: 5/7
  5158 | D:6      | Noticed Sigmund
  5299 | D:6      | Noticed Blork the orc
  5820 | D:5      | Entered Level 5 of the Dungeon
  5896 | D:4      | Found a transporter.
  6319 | D:5      | Reached skill level 12 in Maces & Flails
  6378 | D:5      | Noticed CraigForest's ghost (amateur HOFi)
  6384 | D:5      | Found a runed translucent gate.
  6384 | D:5      | Found a runed translucent gate.
  6384 | D:5      | Found a runed translucent gate.
  6444 | D:5      | Found a staircase to the Ecumenical Temple.
  6598 | D:5      | Found a shadowy altar of Dithmenos.
  6740 | D:5      | Reached skill level 1 in Bows
  6898 | D:5      | Noticed Edmund
  6909 | D:5      | Killed Edmund
  7194 | D:6      | Reached *** piety under Hepliaklqana
  7233 | D:6      | HP: 1/59 [orc priest/nerve-wracking pain (14)]
  7236 | D:6      | Slain by a killer bee zombie

Illustrated notes

Levels and vault maps discovered:
D:1:      tarquinn_simple_flora_water_f, layout_basic, serial_shops, shop
D:2:      layout_basic, ebering_ecumenical_altar_mist, basic_altar,
          serial_bayou_pond_c
D:3:      kennysheep_the_goblin_king, layout_basic, portal_sewer_entry_e
D:4:      gammafunk_steamed_eel, layout_gridville, grunt_gozag_statues,
          mainiacjoe_overflow_small_starburst
D:5:      layout_basic, mainiacjoe_overflow_catwalk,
          minmay_temple_entry_glassed_door, gammafunk_ghost_split,
          kennysheep_generic_room_5, uniq_edmund
D:6:      layout_rooms, nemelex_diamond_rough_becter, lemuel_round_altar,
          uniq_sigmund, uniq_blork_the_orc
D:7:      layout_rooms, tso_metal_star, lemuel_coloured_pillars_altar,
          grunt_temple_overflow_diamond, minmay_misc_feat_plants,
          corexii_leaking_fountain

Skill      XL: |  1  2  3  4  5  6  7  8 |
---------------+-------------------------+-----
Maces & Flails | 3 4 5 6 7 9 11 12 | 12.6
Bows           | 4 |  4.0
Fighting       | 4 |  4.1
Armour         | 4 |  4.1
Shields        | |  3.6

Action                   |  1- 3 |  4- 6 |  7- 9 || total
-------------------------+-------+-------+-------++-------
Melee: Flail             |   103 |    83 |    36 ||   222
       Headbutt          |    15 |    16 |    14 ||    45
       Whip              |       |       |    17 ||    17
 Fire: Shortbow          |       |       |    53 ||    53
Throw: Stone             |     9 |       |       ||     9
Invok: Recall Ancestor   |       |     2 |     4 ||     6
       Ancestor Life: Kn |       |     1 |       ||     1
  Use: Scroll            |       |     7 |     3 ||    10
       Potion            |       |     1 |       ||     1
 Stab: Distracted        |       |     1 |     1 ||     2
Armor: Scale mail        |    27 |       |       ||    27
       Chain mail        |    28 |    47 |    35 ||   110
Dodge: Dodged            |    34 |    28 |    31 ||    93
Block: Buckler           |    16 |    20 |    15 ||    51

Table legend: (Time is in decaauts)
 A = Elapsed time spent in this place.
 B = Non-inter-level travel time spent in this place.
 C = Inter-level travel time spent in this place.
 D = Time resting spent in this place.
 E = Time spent auto-exploring this place.
 F = Levels seen in this place.
 G = Mean time per level.
                   A        B        C        D        E       F      G
               +--------+--------+--------+--------+--------+-----+--------+
         Total |   7280 |   7067 |    213 |   2659 |   2826 |   7 | 1040.0 |
       Dungeon |   7280 |   7067 |    213 |   2659 |   2826 |   7 | 1040.0 |
               +--------+--------+--------+--------+--------+-----+--------+

Top non-repeatable levels by time:
     D:3: 1495 daAuts
     D:7: 1439 daAuts
     D:5: 1099 daAuts
     D:1: 1071 daAuts
     D:2: 1040 daAuts
     D:4: 1021 daAuts
     D:6: 112 daAuts
